 Dungeon Crawl Stone Soup version 0.31-a0-424-g41b3b0883d (webtiles) character file.

Game seed: 5616706004840172239

26481 AIAndy the Grappler (level 13, -5/88 HPs)
             Began as an Octopode Shapeshifter on July 30, 2023.
             Was a High Priest of Nemelex Xobeh.
             Slain by a skyshark (9 damage)
             ... on level 5 of the Lair of Beasts.
             The game lasted 00:49:26 (16727 turns).

AIAndy the Grappler (Octopode Shapeshifter)        Turns: 16727, Time: 00:49:28

Health: -5/88      AC:  5    Str: 19    XL:     13   Next: 26%
Magic:  30/30      EV: 15    Int: 11    God:    Nemelex Xobeh [*****.]
Gold:   685        SH:  0    Dex: 12    Spells: 12/12 levels left

rFire   + .          .
                       - Unarmed
rCold   x . .        (no shield)
rNeg    . . .        (helmet currently unavailable)
rPois   .            g - amulet of regeneration
rElec   .            O - +4 ring of protection
rCorr   .            v - ring of see invisible
SInv    +            w - ring of magical power
Will    .....        F - ring of fire
Stlth   ++           (no ring)
HPRegen 1.14/turn    (no ring)
MPRegen 0.22/turn    (no ring)
                     (no ring)

%: no passive effects
@: beast-form
A: beast (slay +6), almost no armour, amphibious, 8 rings, camouflage 1,
gelatinous body 1, (nimble swimmer 1), tentacles
a: Begin Untransformation, Renounce Religion, Draw Escape, Draw Destruction,
Draw Summoning, Triple Draw, Deal Four, Stack Five


You were on level 5 of the Lair of Beasts.
You worshipped Nemelex Xobeh.
Nemelex Xobeh was extremely pleased with you.
You were a hulking beast.
You visited 2 branches of the dungeon, and saw 16 of its levels.

You collected 776 gold pieces.
You spent 91 gold pieces at shops.


Innate Abilities, Weirdness & Mutations

You are a hulking beast.
Your limbs bulge with bestial killing power. (Slay +6)
You cannot wear most types of armour.
You are amphibious.
You can wear up to eight rings at the same time.
Your skin changes colour to match your surroundings (Stealth+).
Your rubbery body absorbs attacks. (AC +1, EV +1)
((You are camouflaged when in or above water. (Stealth+)))
You have tentacles for arms and can constrict up to eight enemies at once.


   Skills:
 - Level 8.0 Fighting
 + Level 6.7 Dodging
 + Level 13.9 Unarmed Combat
 + Level 10.9 Invocations
 - Level 9.2 Shapeshifting


You had 12 spell levels left.
You didn't know any spells.
Your spell library contained the following spells:

 Spells                   Type           Power      Damage    Failure   Level
 Apportation              Tloc           0%         N/A       34%         1
 Necrotise                Necr           0%         1d4       34%         1
 Slow                     Hex            0%         N/A       34%         1
 Sting                    Tmut/Pois      0%         1d3       34%         1
 Summon Small Mammal      Summ           0%         N/A       34%         1
 Ensorcelled Hibernation  Hex/Ice        0%         N/A       47%         2
 Poisonous Vapours        Pois/Air       0%         N/A       47%         2
 Confusing Touch          Hex            0%         N/A       71%         3
 Tukima's Dance           Hex            0%         N/A       71%         3
 Vampiric Draining        Necr           0%         2d6       71%         3
 Anguish                  Hex/Necr       0%         N/A       98%         4
 Olgreb's Toxic Radiance  Pois           0%         N/A       98%         4
 Passage of Golubria      Tloc           0%         N/A       98%         4
 Iskenderun's Battlesphe  Conj           0%         2d6       100%        5
 Yara's Violent Unravell  Hex/Tmut       0%         3d3       100%        5
 Leda's Unmaking          Conj/Erth      0%         9d1       100%        6
 Spellforged Servitor     Conj/Summ      0%         N/A       100%        7

Inventory:

Hand Weapons
 k - a +5 dagger of venom
Missiles
 e - 32 poisoned darts (quivered)
 o - 8 boomerangs
 u - a throwing net {=f}
 H - 3 curare-tipped darts {=f}
Armour
 E - a +1 kite shield
Magical Staves
 G - a staff of poison
Jewellery
 g - an amulet of regeneration (around mantle)
 v - a ring of see invisible (right tentacle)
 w - a ring of magical power (on tentacle)
 F - a ring of fire (on tentacle)
 O - a +4 ring of protection (left tentacle)
Talismans
 b - a beast talisman (active)
Wands
 i - a wand of roots (4)
 s - a wand of mindburst (9)
 D - a wand of charming (11)
 I - a wand of acid (5)
Scrolls
 d - a scroll of fear
 j - a scroll of fog
 p - 2 scrolls of vulnerability {!r}
 q - a scroll of poison {!r}
 x - 4 scrolls of teleportation {@r4}
 y - a scroll of enchant armour
 z - 2 scrolls of revelation
 A - a scroll of butterflies
Potions
 a - 2 potions of lignification {!q}
 c - 10 potions of curing {@q1}
 f - 3 potions of haste {@q3}
 h - 2 potions of might
 l - a potion of mutation {!q}
 m - a potion of resistance
 n - 3 potions of heal wounds {@q2}
 r - a potion of cancellation
 t - 3 potions of attraction {!q}
 B - a potion of brilliance
 C - a potion of degeneration {unknown}

Dungeon Overview and Level Annotations

Branches:
Dungeon (11/15)            Temple (0/1) D:4            Lair (5/5) D:8
 Shoals (0/4) Lair:2       Spider (0/4) Lair:2          Orc (0/2) D:10
  Slime: Lair:4-5

Altars:
Ashenzari
Cheibriados
Dithmenos
Elyvilon
Nemelex Xobeh
Qazlal
Ru
Xom
Yredelemnul
Zin
The Shining One

Shops:
D:7 ?

Annotations:
D:4 1 runed translucent door, Crazy Yiuf
D:8 exclusion: two-headed ogre, Erica
D:9 1 runed translucent door, exclusion: 2 two-headed ogres, Kiciri's ghost, journeyman GrHu
Lair:1 2 transporters, Grim's ghost, novice DECj

.. .#.. #...########
....#..#.P###
####.......P..#
#.............##
P..............#
...............##
.........h.......###
........l..........#
................P###
.................#
.................#
................##
...............##
.......<.......#
.............###


You could see a skyshark (berserk).


Message History

The skyshark bites you!!
The skyshark enters a blood-rage!
The skyshark tail-slaps you. x2
You tentacle-slap the skyshark.
The skyshark is severely wounded.
The skyshark bites you. The skyshark closely misses you.
The skyshark tail-slaps you!
* * * LOW HITPOINT WARNING * * *
You bludgeon the skyshark! You tentacle-slap the skyshark!
You squeeze the skyshark, but do no damage.
The skyshark is almost dead.
The skyshark bites you.
* * * LOW HITPOINT WARNING * * *
The skyshark closely misses you. The skyshark tail-slaps you!
* * * LOW HITPOINT WARNING * * *
Use which ability? (? or * to list)
You draw a card...
You have drawn the Orb.
Press: ? - help, Shift-Dir - straight line, f - skyshark
Aim: a skyshark (almost dead, berserk)
The wavering orb of destruction weakly hits the skyshark!!
The skyshark is almost dead.
The skyshark bites you!
* * * LOW HITPOINT WARNING * * *
The skyshark tail-slaps you.
* * * LOW HITPOINT WARNING * * *
The skyshark closely misses you. The skyshark bites you.
* * * LOW HITPOINT WARNING * * *
The skyshark tail-slaps you!
You die...
Your body glows with a rainbow of weird colours and disappears.

Skill      XL: |  1  2  3  4  5  6  7  8  9 10 11 12 13 |
---------------+----------------------------------------+-----
Unarmed Combat | 4 5 7 8 10 11 12 13 | 13.9
Shapeshifting  | 4 5 6 7 8 9 |  9.2
Invocations    | 1 5 8 10 | 10.9
Fighting       | 2 5 7 8 |  8.0
Dodging        | 5 6 |  6.7

Action                     |  1- 3 |  4- 6 |  7- 9 | 10-12 | 13-15 || total
---------------------------+-------+-------+-------+-------+-------++-------
  Melee: Unarmed           |    80 |    66 |   207 |   314 |    56 ||   723
         Constrict         |    24 |    17 |    50 |    58 |     5 ||   154
         Punch             |     2 |     4 |    12 |    24 |     9 ||    51
         Tentacles         |    12 |    16 |    48 |    78 |    18 ||   172
  Throw: Dart              |       |     1 |       |    17 |       ||    18
 Invoke: Draw Destruction  |       |       |       |    30 |     9 ||    39
         Draw Escape       |       |       |       |     2 |     2 ||     4
  Evoke: Wand              |       |     5 |     6 |    31 |     1 ||    43
    Use: Scroll            |       |       |       |    17 |     3 ||    20
   Stab: Sleeping          |     3 |     4 |     4 |     1 |     2 ||    14
         Distracted        |       |       |     1 |     2 |       ||     3
 Armour: Skin              |     9 |     3 |    12 |    48 |     4 ||    76
  Dodge: Dodged            |    51 |    34 |   108 |   189 |    40 ||   422

Levels and vault maps discovered:
D:1:      spicycebolla_arrival_clurvy, layout_rooms,
          hellmonk_ecumenical_altar_arch_garden
D:2:      layout_basic
D:3:      layout_rooms, good_gods_temple_1, nemelex_diamond_rough_becter,
          mainiacjoe_overflow_tiny_flanked, hangedman_abyss_or_decor_stabs,
          minmay_checkerbox, uniq_grinder, uniq_ijyb
D:4:      nicolae_cairo_tiling, layout_gridville, grunt_qazlal_clouds,
          amethyst_overflow_temple_binary, temple_green, serial_bayou_lake_a,
          uniq_crazy_yiuf_cottage, uniq_pikel
D:5:      layout_loops_ring, xom_teletrap_fun, uniq_sigmund, uniq_blork_the_orc
D:6:      layout_rooms, kennysheep_little_box, dreamdust_princess_corridor
D:7:      layout_basic, nicolae_nh_oracle_at_delphi
D:8:      layout_loops_ring, kennysheep_mini_moat, david_lair_generic,
          special_room [special_room_orc], uniq_erica
D:9:      layout_gridville, gammafunk_ghost_grave
D:10:     layout_rooms, kennysheep_orc_monster_closet_entryway
D:11:     fort_yaktaur, layout_cave_pools, chequers_serial_rivers_small_a,
          kennysheep_another_room, uniq_harold
Lair:1:   layout_cave_pods, gammafunk_ghost_hive, pond, grunt_megastairs_3
Lair:2:   layout_cellular_growth, minmay_shoals_entry_lonely_mermaid,
          dummy_spider_entry, minivault_11, minivault_23
Lair:3:   layout_chaotic_city, patterned_corridor, lemuel_fruit_tree
Lair:4:   layout_layer_cave, infiniplex_staircase_pool
Lair:5:   grunt_lair_end_beastmaster, layout_cave_pods, slime_entry_1,
          gammafunk_ghost_grave, nicolae_quartered_pool_little, st_stairs_7

Notes
Turn   | Place    | Note
-------+----------+-------------------------------------------
     0 | D:1      | AIAndy the Octopode Shapeshifter began the quest for the
                  | Orb.
     0 | D:1      | Reached XP level 1. HP: 13/13 MP: 1/1
    64 | D:1      | Reached XP level 2. HP: 18/18 MP: 2/2
   141 | D:1      | Found a faded altar of an unknown god.
   212 | D:1      | Reached XP level 3. HP: 23/23 MP: 3/3
   925 | D:2      | Reached skill level 4 in Unarmed Combat
   925 | D:2      | Reached XP level 4. HP: 24/28 MP: 4/4
  1403 | D:3      | Noticed Ijyb
  1544 | D:3      | Killed Ijyb
  1545 | D:3      | Reached skill level 4 in Shapeshifting
  1545 | D:3      | Reached XP level 5. HP: 22/33 MP: 5/5
  1608 | D:3      | Noticed Grinder
  1662 | D:3      | Found a sparkling altar of Nemelex Xobeh.
  1690 | D:3      | Became a worshipper of Nemelex Xobeh the Trickster
  1752 | D:3      | Paralysed by Grinder for 4 turns
  1759 | D:3      | Killed Grinder
  1760 | D:3      | Reached skill level 5 in Unarmed Combat
  1760 | D:3      | Reached XP level 6. HP: 6/38 MP: 6/6
  1932 | D:3      | Found a glowing golden altar of the Shining One.
  1932 | D:3      | Found a white marble altar of Elyvilon.
  1933 | D:3      | Found a glowing silver altar of Zin.
  1949 | D:3      | Found a basalt altar of Yredelemnul.
  2291 | D:4      | Found a staircase to the Ecumenical Temple.
  2303 | D:4      | Reached skill level 5 in Shapeshifting
  2496 | D:4      | Found a stormy altar of Qazlal.
  2504 | D:4      | Reached XP level 7. HP: 18/43 MP: 7/7
  2693 | D:4      | Reached * piety under Nemelex Xobeh
  2890 | D:4      | Received a gift from Nemelex Xobeh
  3067 | D:4      | Found a sacrificial altar of Ru.
  3067 | D:4      | Noticed Pikel
  3079 | D:4      | Killed Pikel
  3080 | D:4      | Reached skill level 7 in Unarmed Combat
  3080 | D:4      | Reached skill level 6 in Shapeshifting
  3080 | D:4      | Reached XP level 8. HP: 29/48 MP: 8/8
  3151 | D:4      | Found a shadowy altar of Dithmenos.
  3237 | D:4      | Found a runed translucent door.
  3238 | D:4      | Noticed Crazy Yiuf
  3273 | D:5      | Entered Level 5 of the Dungeon
  3285 | D:5      | Found a shimmering altar of Xom.
  3424 | D:5      | Noticed Sigmund
  3796 | D:5      | Noticed Blork the orc
  3804 | D:5      | Killed Blork the orc
  3911 | D:5      | Reached skill level 8 in Unarmed Combat
  3943 | D:5      | Reached skill level 7 in Shapeshifting
  4104 | D:5      | Killed Sigmund
  4105 | D:5      | Reached XP level 9. HP: 53/53 MP: 9/9
  4333 | D:6      | HP: 4/52 [wight/+3 halberd (3)]
  4690 | D:6      | Reached skill level 9 in Unarmed Combat
  4988 | D:6      | HP: 1/53 [gnoll/+0 halberd[a gnoll sergeant] (8)]
  5365 | D:6      | Reached skill level 8 in Shapeshifting
  5574 | D:6      | Found a broken altar of Ashenzari.
  6219 | D:7      | Reached ** piety under Nemelex Xobeh
  6458 | D:7      | Reached skill level 10 in Unarmed Combat
  6571 | D:7      | Reached skill level 1 in Invocations
  6788 | D:7      | Reached skill level 2 in Fighting
  6788 | D:7      | Reached XP level 10. HP: 46/60 MP: 9/11
  6847 | D:7      | Found The Oracle's Delphic Readings.
  6854 | D:7      | Reached skill level 2 in Invocations
  6855 | D:7      | Bought a scroll of butterflies for 52 gold pieces
  6855 | D:7      | Bought a scroll of teleportation for 39 gold pieces
  7057 | D:8      | Noticed a two-headed ogre
  7058 | D:8      | Found a snail-covered altar of Cheibriados.
  7212 | D:8      | Reached skill level 3 in Fighting
  7215 | D:8      | Reached skill level 3 in Invocations
  7271 | D:8      | Found a staircase to the Lair.
  7278 | D:8      | a yak changed into a harpy
  7278 | D:8      | Noticed a harpy
  7279 | D:8      | a harpy changed into a boggart
  7531 | D:8      | Noticed Erica
  7799 | D:8      | Reached skill level 4 in Invocations
  7894 | D:8      | Reached skill level 4 in Fighting
  8234 | D:8      | Received a gift from Nemelex Xobeh
  8273 | D:9      | HP: 6/63 [acid dragon (1)]
  8404 | D:9      | Reached *** piety under Nemelex Xobeh
  8415 | D:9      | Noticed a two-headed ogre
  8433 | D:9      | Found a runed translucent door.
  8433 | D:9      | Noticed Kiciri's ghost (journeyman GrHu)
  8595 | D:9      | Received a gift from Nemelex Xobeh
  8761 | D:9      | Reached skill level 11 in Unarmed Combat
  8965 | D:9      | Reached skill level 5 in Invocations
  9344 | D:9      | Noticed a two-headed ogre
  9541 | D:10     | Entered Level 10 of the Dungeon
  9613 | D:10     | Reached skill level 5 in Fighting
  9625 | D:10     | Received a gift from Nemelex Xobeh
  9632 | D:10     | Noticed a two-headed ogre
  9642 | D:10     | Reached skill level 9 in Shapeshifting
  9812 | D:10     | Found a staircase to the Orcish Mines.
  9823 | D:10     | Reached XP level 11. HP: 41/71 MP: 13/15
 10125 | D:10     | Reached **** piety under Nemelex Xobeh
 10170 | D:10     | Killed a two-headed ogre
 10486 | D:10     | Reached skill level 6 in Invocations
 10927 | D:11     | Reached skill level 6 in Fighting
 11563 | Lair:1   | Entered Level 1 of the Lair of Beasts
 11846 | Lair:1   | Found a transporter.
 11846 | Lair:1   | Found a transporter.
 11846 | Lair:1   | Noticed Grim's ghost (novice DECj)
 12171 | Lair:1   | Reached skill level 7 in Invocations
 12194 | Lair:1   | Received a gift from Nemelex Xobeh
 12265 | Lair:1   | Reached skill level 12 in Unarmed Combat
 12268 | Lair:1   | Reached skill level 7 in Fighting
 12659 | Lair:1   | Reached skill level 8 in Invocations
 12796 | Lair:1   | Reached XP level 12. HP: 68/81 MP: 18/18
 13006 | Lair:2   | Received a gift from Nemelex Xobeh
 13104 | Lair:2   | Found a staircase to the Shoals.
 13286 | Lair:2   | Noticed a five-headed hydra
 13293 | Lair:2   | Killed a five-headed hydra
 13294 | Lair:2   | Reached skill level 8 in Fighting
 13439 | Lair:2   | Noticed a four-headed hydra
 13448 | Lair:2   | Killed a four-headed hydra
 13507 | Lair:2   | Reached skill level 3 in Dodging
 13514 | Lair:2   | Reached skill level 9 in Invocations
 13700 | Lair:2   | Found a hole to the Spider Nest.
 13899 | Lair:2   | Reached ***** piety under Nemelex Xobeh
 13919 | Lair:2   | Received a gift from Nemelex Xobeh
 14442 | Lair:3   | You fall into a shaft and drop 1 floor!
 14509 | Lair:3   | Reached skill level 4 in Dodging
 14509 | Lair:3   | Reached skill level 13 in Unarmed Combat
 14712 | Lair:3   | Received a gift from Nemelex Xobeh
 14777 | Lair:3   | Identified a potion of resistance
 14923 | Lair:3   | Noticed a seven-headed hydra
 14926 | Lair:3   | Killed a seven-headed hydra
 14972 | Lair:3   | Received a gift from Nemelex Xobeh
 14978 | Lair:3   | Noticed a death yak
 14978 | Lair:3   | Noticed a death yak
 14978 | Lair:3   | Noticed a death yak
 14978 | Lair:3   | Noticed a death yak
 14979 | Lair:3   | Noticed a death yak
 14980 | Lair:3   | Killed a death yak
 14980 | Lair:3   | Killed a death yak
 14980 | Lair:3   | Killed a death yak
 14981 | Lair:3   | Reached skill level 5 in Dodging
 14986 | Lair:3   | Killed a death yak
 14987 | Lair:3   | Reached skill level 10 in Invocations
 14991 | Lair:3   | Killed a death yak
 15286 | Lair:3   | Reached XP level 13. HP: 88/88 MP: 20/20
 15502 | Lair:4   | Received a gift from Nemelex Xobeh
 15543 | Lair:4   | Reached skill level 6 in Dodging
 15798 | Lair:4   | Received a gift from Nemelex Xobeh
 16032 | Lair:4   | Received a gift from Nemelex Xobeh
 16257 | Lair:4   | Received a gift from Nemelex Xobeh
 16648 | Lair:5   | Entered Level 5 of the Lair of Beasts
 16727 | Lair:5   | HP: 8/88 [skyshark (1)]
 16727 | Lair:5   | Slain by a skyshark

Vanquished Creatures
  4 hydras
  A two-headed ogre (D:10)
  A satyr (Lair:4)
  5 death yaks (Lair:3)
  Pikel (D:4)
  A lindwurm (Lair:4)
  3 elephants (Lair:2)
  A merfolk siren (Lair:2)
  A guardian serpent (shapeshifter) (D:10)
  A black mamba (Lair:1)
  12 cane toads
  3 yaktaurs (D:11)
  3 rime drakes
  5 komodo dragons
  Grinder (D:3)
  7 blink frogs
  Sigmund (D:5)
  2 wyverns
  9 yaks
  2 steam dragons
  A basilisk (Lair:2)
  3 vampire mosquitoes (D:8)
  3 acid dragons
  A warg (D:10)
  10 water moccasins
  3 nagas
  2 black bears
  2 ice beasts (D:7)
  3 orc warriors
  4 ogres
  A tengu (D:10)
  4 wolves
  2 sky beasts (D:7)
  5 centaurs
  A boggart (D:8)
  A phantom (D:5)
  A lemure (D:4)
  3 kobold brigands
  Blork the orc (D:5)
  8 bullfrogs
  A gnoll sergeant (D:6)
  3 scorpions
  7 wights
  5 killer bees (D:9)
  3 howler monkeys
  An electric eel (Lair:4)
  8 jellies
  3 orc priests
  A gnoll bouda (D:6)
  A sleepcap (D:6)
  Ijyb (D:3)
  5 iguanas
  7 orc wizards
  29 gnolls
  8 adders
  3 river rats
  2 white imps
  5 worms
  3 dart slugs
  56 orcs
  7 bats
  8 endoplasms
  5 giant cockroaches
  11 goblins
  3 hobgoblins
  12 jackals
  2 quokkas
  8 ball pythons
  5 frilled lizards
  17 kobolds
  6 rats
359 creatures vanquished.

Table legend: (Time is in decaauts)
 A = Elapsed time spent in this place.
 B = Non-inter-level travel time spent in this place.
 C = Inter-level travel time spent in this place.
 D = Time resting spent in this place.
 E = Time spent auto-exploring this place.
 F = Levels seen in this place.
 G = Mean time per level.
                   A        B        C        D        E       F      G
               +--------+--------+--------+--------+--------+-----+--------+
         Total |  16614 |  15868 |    746 |   3538 |  10042 |  16 | 1038.4 |
       Dungeon |  11684 |  11069 |    615 |   2641 |   6641 |  11 | 1062.2 |
          Lair |   4929 |   4798 |    131 |    897 |   3401 |   5 |  985.8 |
               +--------+--------+--------+--------+--------+-----+--------+

Top non-repeatable levels by time:
     D:9: 1816 daAuts
     D:5: 1576 daAuts
  Lair:2: 1443 daAuts
     D:8: 1416 daAuts
    D:10: 1288 daAuts
  Lair:1: 1220 daAuts
  Lair:4: 1215 daAuts
     D:4: 1171 daAuts
     D:7: 1125 daAuts
     D:6: 1050 daAuts
  Lair:3: 974 daAuts
     D:2: 750 daAuts
     D:3: 747 daAuts
     D:1: 588 daAuts
    D:11: 153 daAuts

Table legend:
 A = Non-vault XP
 B = Vault XP
 C = Vault XP percentage of total XP
 D = Non-vault monster count
 E = Vault monster count
 F = Vault count percentage of total count
                 A         B        C        D         E       F
            +---------+---------+-------+---------+---------+-------
      Total |   29321 |    8510 |  22.5 |     276 |      82 |  22.9
            +---------+---------+-------+---------+---------+-------
        D:1 |      55 |       0 |   0.0 |      33 |       0 |   0.0
        D:2 |      65 |       0 |   0.0 |      15 |       0 |   0.0
        D:3 |      28 |     325 |  92.1 |      10 |       6 |  37.5
        D:4 |     228 |     651 |  74.1 |      26 |       1 |   3.7
        D:5 |     734 |     317 |  30.2 |      26 |       2 |   7.1
        D:6 |    1091 |       0 |   0.0 |      33 |       0 |   0.0
        D:7 |    1319 |     172 |  11.5 |      18 |       2 |  10.0
        D:8 |    1235 |    1221 |  49.7 |      17 |      31 |  64.6
        D:9 |    1576 |       0 |   0.0 |      20 |       0 |   0.0
       D:10 |    1435 |    1472 |  50.6 |      18 |      20 |  52.6
       D:11 |     151 |    1395 |  90.2 |       1 |      11 |  91.7
     Lair:1 |    2525 |    2476 |  49.5 |      13 |       8 |  38.1
     Lair:2 |    5437 |     481 |   8.1 |      13 |       1 |   7.1
     Lair:3 |    7870 |       0 |   0.0 |      15 |       0 |   0.0
     Lair:4 |    4386 |       0 |   0.0 |      16 |       0 |   0.0
     Lair:5 |    1186 |       0 |   0.0 |       2 |       0 |   0.0
            +---------+---------+-------+---------+---------+-------
